 Dungeon Crawl Stone Soup version 0.15.2 (webtiles) character file.

156 HopeRidesAlone the Insei (level 5, 0/41 HPs)
             Began as a Mummy Monk on Nov 2, 2015.
             Slain by an orc wizard
             ... wielding a +0 dagger
              (1 damage)
             ... on Level 3 of the Dungeon.
             The game lasted 00:05:38 (2287 turns).

HopeRidesAlone the Insei (Mummy Monk)               Turns: 2287, Time: 00:05:38

HP   0/41        AC  5     Str 14      XL: 5   Next: 15%
MP   5/5         EV 13     Int  9      God:
Gold 104         SH  0     Dex 15      Spells:  0 memorised,  4 levels left

rFire  x . .     SeeInvis .       - Unarmed
rCold  + . .     Clarity  .     a - +0 robe
rNeg   + + +     rCorr    .     (no shield)
rPois  +         rRot     +     (no helmet)
rElec  .         Spirit   .     g - +1 cloak {MR+}
SustAb .         Warding  .     (no gloves)
rMut   .         Stasis   .     (no boots)
Gourm  .                        (no amulet)
MR     +....                    i - ring of regeneration
                                d - +1 ring of protection

@: somewhat resistant to hostile enchantments, unstealthy
A: no food or potions, fire vulnerability, restore body, cold resistance 1,
negative energy resistance 3, poison resistance, torment resistance, unbreathing
a: no special abilities


You were on level 3 of the Dungeon.
You were not hungry.

You visited 1 branch of the dungeon, and saw 4 of its levels.

You collected 104 gold pieces.


Innate Abilities, Weirdness & Mutations

You do not eat or drink.
Your flesh is vulnerable to fire.
Your flesh is cold resistant.
You are immune to negative energy.
Your system is resistant to poisons.
You are immune to unholy pain and torment.
You can survive without breathing.


   Skills:
 - Level 3.0 Fighting
 - Level 2.4 Dodging
 - Level 1.5 Stealth
 + Level 5.4 Unarmed Combat


You had 4 spell levels left.
You didn't know any spells.

Inventory:

Hand weapons
 m - a +0 blowgun
Missiles
 l - 3 poisoned needles
Armour
 a - a +0 robe (worn)
 g - a +1 cloak of magic resistance (worn)
Magical devices
 h - a wand of polymorph (11) {unknown}
Scrolls
 b - 2 scrolls of magic mapping {unknown}
 c - 2 scrolls of remove curse {unknown}
 e - 3 scrolls of recharging {unknown}
 f - 4 scrolls of identify {unknown}
 j - a scroll of blinking {unknown}
 k - 2 scrolls of enchant weapon {unknown}
Jewellery
 d - a +1 ring of protection (left hand)
 i - a ring of regeneration (right hand)
 n - an uncursed amulet of faith (quivered) {unknown}

Dungeon Overview and Level Annotations

Branches:
Dungeon (4/15)
 Temple: D:4-7

Altars:

....######
#.##.%## ....#
#.#..## ....#
#.#.## ...##
#.#.# ...#
#.#.# #..#
###.#.# #..###
####.<...#####
.....#
#...[#o####..#
.....#
#.####M# #..#
.....# ###.#
#)# ##..#
.....####...#
#.# #...##
.....##...###
#.# #(...#
.....##.###
#.# #....#
........# #.#
#....#
##....### #.#
#....#
........#
#.###....#
......!.#
#.##.....#


You could see an orc wizard.


Message History

The orc wizard is moderately wounded.
The orc wizard hits you but does no damage.
You closely miss the orc wizard.
The orc wizard is moderately wounded.
The orc wizard points at you and mumbles some strange words.
The puff of flame hits you! The fire burns you terribly!
You hit the orc wizard.
The orc wizard is moderately wounded.
The orc wizard shouts noisily.
The orc wizard barely misses you.
The orc wizard points at you and mumbles some strange words.
The magic dart hits you!
* * * LOW HITPOINT WARNING * * *
You closely miss the orc wizard.
The orc wizard is moderately wounded.
The orc wizard gestures at you while chanting.
The puff of frost hits you! You resist.
* * * LOW HITPOINT WARNING * * *
You hit the orc wizard.
The orc wizard is heavily wounded.
The orc wizard gestures at you while chanting.
The puff of flame hits you! The fire burns you terribly!
* * * LOW HITPOINT WARNING * * *
You are too injured to fight recklessly!
You are too injured to fight recklessly!
You are too injured to fight recklessly!
Read which item? (? for menu, Esc to quit)
Okay, then.
The orc wizard hits you with a dagger.
You die...

Action                   |  1- 3 |  4- 6 || total
-------------------------+-------+-------++-------
Melee: Unarmed           |   148 |   130 ||   278
 Stab: Sleeping          |       |     1 ||     1

Vault maps used:
D:1:      co_arrival_square_in_a_square_in_a_square
D:3:      first_bread

Notes
Turn   | Place    | Note
--------------------------------------------------------------
     0 | D:1      | HopeRidesAlone, the Mummy Monk, began the quest for the Orb.
     0 | D:1      | Reached XP level 1. HP: 18/18 MP: 1/1
   580 | D:1      | Reached XP level 2. HP: 22/24 MP: 2/2
   905 | D:2      | Reached skill level 4 in Unarmed Combat
   984 | D:2      | Reached XP level 3. HP: 29/29 MP: 3/3
  1349 | D:2      | HP: 2/29 [orc wizard/magic dart (5)]
  1385 | D:2      | HP: 2/29 [something/puff of flame (4)]
  1515 | D:2      | Reached XP level 4. HP: 16/35 MP: 4/4
  1788 | D:2      | Reached skill level 5 in Unarmed Combat
  1975 | D:3      | Reached XP level 5. HP: 25/41 MP: 5/5
  2286 | D:3      | HP: 1/41 [orc wizard/puff of flame (13)]
  2287 | D:3      | Slain by an orc wizard

Vanquished Creatures
  2 orc wizards (D:2)
  2 adders
  5 worms
  2 giant geckos
  9 orcs
  5 goblins
  6 hobgoblins
  A quokka (D:4)
  5 bats
  2 giant cockroaches
  5 giant newts
  5 kobolds
  5 rats
54 creatures vanquished.
